 Dungeon Crawl Stone Soup version 0.32-a0-931-g5a2cda0630 (webtiles) character file.

Game seed: 17224613180858603861

1330 Pokonic1 the Protected (level 8, -8/53 HPs)
             Began as a Tengu Berserker on Apr 14, 2024.
             Was a Priest of Trog.
             Mangled by Duvessa
             ... wielding a +0 rapier
              (11 damage)
             ... on level 5 of the Dungeon.
             The game lasted 00:11:16 (3474 turns).

Pokonic1 the Protected (Tengu Berserker)            Turns: 3474, Time: 00:11:16

Health: -8/53      AC: 17    Str: 20    XL:     8   Next: 60%
Magic:  18/18      EV: 25    Int:  7    God:    Trog [***...]
Gold:   232        SH:  0    Dex: 16    Spells: 7/7 levels left

rFire   . . .        n - +4 trident "Asia" {spect, *Corrode rN+ MP+9 Dex+2}
rCold   . . .        (no shield)
rNeg    + . .        z - +1 plate armour
rPois   .            (helmet restricted)
rElec   .            r - +0 cloak
rCorr   .            o - +0 pair of gloves
SInv    .            (boots unavailable)
Will    .....        (no amulet) Stlth
                     (no ring)
HPRegen 0.28/turn    (no ring)
MPRegen 0.16/turn

%: corrode self (3%), acrobat
@: acrobatic, flying
A: beak, talons 3, evasive flight, acrobatic
a: Renounce Religion, Berserk, Trog's Hand


You were on level 5 of the Dungeon.
You worshipped Trog.
Trog was most pleased with you.
You visited 1 branch of the dungeon, and saw 6 of its levels.

You collected 232 gold pieces.

Inventory:

Hand Weapons
 a - a +0 falchion
 n - the +4 trident "Asia" (weapon) {spect, *Corrode rN+ MP+9 Dex+2}
   (You found it on level 2 of the Dungeon)

   Dex+2:     It affects your dexterity (+2).
   rN+:       It protects you from negative energy.
   MP+9:      It affects your magic capacity (+9).
   *Corrode:  It may corrode you when you take damage.
Missiles
 q - 2 javelins (quivered)
Armour
 b - a +0 animal skin
 e - a +0 leather armour
 o - a +0 pair of gloves (worn)
 r - a +0 cloak (worn)
 s - a +0 chain mail
 z - a +1 plate armour (worn)
Wands
 p - a wand of digging (4)
Scrolls
 l - 2 scrolls of teleportation
 m - 2 scrolls of noise
 x - a scroll of poison
 A - 3 scrolls of immolation
Potions
 d - 2 potions of enlightenment {unknown}
 i - 3 potions of curing
 k - a potion of heal wounds {unknown}
 t - a potion of mutation {unknown}
 u - 2 potions of brilliance {unknown}
 v - a potion of ambrosia {unknown}
 B - a potion of degeneration {unknown}


   Skills:
 + Level 7.0 Fighting
 - Level 3.6 Long Blades
 - Level 8.7 Armour
 - Level 2.6 Dodging


You had 7 spell levels left.
You didn't know any spells.
Your spell library was empty.

Dungeon Overview and Level Annotations

Branches:
Dungeon (6/15)             Temple (0/1) D:4

Altars:
Ashenzari
Sif Muna

Shops:
D:5 (

Annotations:
D:5 Duvessa


Innate Abilities, Weirdness & Mutations

You have a beak for a mouth.
You have claws for feet.
Your magical flight helps you evade attacks. (EV +4)
You can magically evade attacks while moving or waiting.


Message History

You feel very sick. Duvessa hits you with a +0 rapier.
Duvessa hits you but does no damage.
You feel sick.
You feel sick. Duvessa attacks as she pursues you! Duvessa barely misses you.
Duvessa hits you but does no damage.
Your surroundings suddenly seem different.
You feel sick.
You feel sick.
You feel sick.
You feel sick.
You feel sick.
You are no longer poisoned.
Things that are here:
a +0 shortbow; a centaur skeleton Duvessa is nearby!
Duvessa completely misses you.
Duvessa rages.
Duvessa closely misses you. Duvessa attacks as she pursues you!
Duvessa completely misses you.
Duvessa rages.
Duvessa closely misses you. Duvessa hits you with a +0 rapier.
Duvessa attacks as she pursues you! Duvessa misses you.
Duvessa completely misses you.
Duvessa rages.
Duvessa misses you. Duvessa attacks as she pursues you!
Duvessa completely misses you. Duvessa completely misses you.
Duvessa attacks as she pursues you! Duvessa hits you with a +0 rapier.
Duvessa attacks as she pursues you! Duvessa closely misses you.
Duvessa barely misses you. Duvessa attacks as she pursues you!
Duvessa closely misses you. Duvessa hits you with a +0 rapier!
* * * LOW HITPOINT WARNING * * *
Duvessa attacks as she pursues you! Duvessa hits you with a +0 rapier!
* * * LOW HITPOINT WARNING * * *
Duvessa barely misses you. Duvessa attacks as she pursues you!
Duvessa completely misses you. Duvessa attacks as she pursues you!
Duvessa hits you with a +0 rapier!
You die...

#####.##..#...#.########
#.##.....>#.########
#...........########
#######.############
#.############
#.############
#.........# ###
#.........#
##@###..######.#
##.#e##..######.#### ###
#.###..............#
##.####........#####.##.#
#.....)..............##.#
##.#########.........##.#
####.#
##...############.#
##.##.# ##.....## #..
##.#.#.# #.......# ###


You could see Duvessa (berserk).

Vanquished Creatures
  Sigmund (D:4)
  Eustachio (D:4)
  A steam dragon (D:5)
  2 black bears (D:5)
  A phantom (D:4)
  A centaur (D:5)
  4 scorpions
  Dowan (D:5)
  A hound (D:4)
  A sleepcap (D:5)
  2 iguanas (D:5)
  An orc wizard (D:4)
  2 adders (D:5)
  A white imp (D:5)
  A dart slug (D:4)
  3 ribbon worms
  16 orcs
  4 endoplasms
  A giant cockroach (D:4)
  10 hobgoblins
  10 jackals
  5 kobolds
  5 quokkas
  5 ball pythons
  3 bats
  2 frilled lizards
  11 goblins
  A rat (D:1)
  A spectral goblin (D:1)
98 creatures vanquished.

Notes
Turn   | Place    | Note
-------+----------+-------------------------------------------
     0 | D:1      | Pokonic1 the Tengu Berserker began the quest for the Orb.
     0 | D:1      | Reached XP level 1. HP: 14/14 MP: 2/2
   236 | D:1      | Reached XP level 2. HP: 14/19 MP: 3/3
   442 | D:1      | Found a faded altar of an unknown god.
   721 | D:2      | Identified the +4 trident "Asia" {spect, *Corrode rN+ MP+9
                  | Dex+2}
   748 | D:2      | Reached skill level 3 in Armour
   748 | D:2      | Reached XP level 3. HP: 18/23 MP: 4/4
   987 | D:2      | Reached ** piety under Trog
  1394 | D:3      | Found a shimmering blue altar of Sif Muna.
  1529 | D:3      | Found a broken altar of Ashenzari.
  1538 | D:3      | Reached skill level 4 in Armour
  1794 | D:4      | Reached XP level 4. HP: 26/28 MP: 5/5
  1800 | D:4      | Noticed a scorpion
  1811 | D:4      | Killed a scorpion
  1812 | D:4      | Reached skill level 5 in Armour
  1812 | D:4      | Reached XP level 5. HP: 28/32 MP: 6/6
  1910 | D:4      | Noticed Eustachio
  1933 | D:4      | Reached skill level 6 in Armour
  1933 | D:4      | Reached XP level 6. HP: 17/37 MP: 7/7
  1952 | D:4      | Killed Eustachio
  1953 | D:4      | Reached skill level 7 in Armour
  1993 | D:4      | Noticed Sigmund
  2002 | D:4      | Killed Sigmund
  2003 | D:4      | Reached skill level 8 in Armour
  2003 | D:4      | Gained mutation: Your magical flight helps you evade
                  | attacks. (EV +4) [Tengu growth]
  2003 | D:4      | Reached XP level 7. HP: 32/41 MP: 8/8
  2047 | D:4      | Reached *** piety under Trog
  2225 | D:4      | Found a staircase to the Ecumenical Temple.
  2299 | D:5      | Entered Level 5 of the Dungeon
  2715 | D:5      | Found Wylorij's Antique Weapon Shoppe.
  2723 | D:5      | Reached XP level 8. HP: 45/48 MP: 9/9
  2796 | D:5      | Reached skill level 5 in Fighting
  3410 | D:6      | Noticed Duvessa
  3410 | D:6      | Noticed Dowan
  3416 | D:5      | Killed Dowan
  3470 | D:5      | HP: 1/53 [Duvessa/+0 rapier (13)]
  3474 | D:5      | Mangled by Duvessa

Illustrated notes

Levels and vault maps discovered:
D:1:      lordsloth_arrival_two_stooges, layout_loops_ring,
          dreamdust_ecumenical_altar_drowned_temple, hangedman_feature_mirror,
          minmay_tripent
D:2:      layout_loops_ring
D:3:      layout_rooms, cheibrodos_ashenzari_chains,
          nicolae_sif_muna_condensation
D:4:      layout_cave_pools, minmay_temple_entry_wispy, uniq_sigmund,
          uniq_eustachio
D:5:      kennysheep_steamy, layout_loops_corners, kennysheep_windowed_goal
D:6:      cheibrodos_steamvent, layout_cave_pods, kennysheep_mini,
          xom_confusion_cloud, uniq_duvessa, uniq_edmund

Skill      XL: |  1  2  3  4  5  6  7  8 |
---------------+-------------------------+-----
Armour         | 3 4 5 6 8 |  8.7
Fighting       | 4 7 |  7.0
Long Blades    | |  3.6
Dodging        | |  2.6

Action                     |  1- 3 |  4- 6 |  7- 9 || total
---------------------------+-------+-------+-------++-------
  Melee: Falchion          |    38 |       |       ||    38
         Peck              |     9 |     8 |    20 ||    37
         Kick              |    14 |    11 |    24 ||    49
         Trident           |    36 |    53 |    82 ||   171
    Use: Scroll            |       |       |    12 ||    12
   Stab: Sleeping          |     1 |       |       ||     1
         Distracted        |       |       |     1 ||     1
 Armour: Leather armour    |    31 |       |       ||    31
         Chain mail        |     1 |    55 |       ||    56
         Plate armour      |       |       |    87 ||    87
  Dodge: Dodged            |    54 |    98 |   124 ||   276

Table legend: (Time is in decaauts)
 A = Elapsed time spent in this place.
 B = Non-inter-level travel time spent in this place.
 C = Inter-level travel time spent in this place.
 D = Time resting spent in this place.
 E = Time spent auto-exploring this place.
 F = Levels seen in this place.
 G = Mean time per level.
                   A        B        C        D        E       F      G
               +--------+--------+--------+--------+--------+-----+--------+
         Total |   3535 |    746 |   2789 |      0 |      0 |   6 |  589.2 |
       Dungeon |   3535 |    746 |   2789 |      0 |      0 |   6 |  589.2 |
               +--------+--------+--------+--------+--------+-----+--------+

Top non-repeatable levels by time:
     D:5: 1191 daAuts
     D:1: 716 daAuts
     D:2: 560 daAuts
     D:3: 531 daAuts
     D:4: 529 daAuts
     D:6: 5 daAuts
